Map: Помечтай РВ

Players

IIIIIIIIIIII - Winner!

  • Race: Protoss Protoss
  • League: Grandmaster
  • Spawn Location: 1:00

jumanjii

  • Race: Protoss Protoss
  • League: Grandmaster
  • Spawn Location: 7:00

VOD

https://youtu.be/QEAbUsif0Ro

Description

Time

  • Played on: March 19, 2020, 11:41 a.m.
  • Length: 6:12
Show
View Real Time Build Order
Export as new Build Order

IIIIIIIIIIII Protoss - Winner!

Build Orders:  

Get SALT Encoding   

  12  0:00  Probe  
  13  0:12  Probe  
  14  0:17  Pylon  
  14  0:24  Probe (Chrono Boost)  
  15  0:36  Gateway  
  15  0:37  Probe (Chrono Boost)  
  16  0:44  Probe (Chrono Boost)  
  16  0:45  Assimilator  
  17  0:51  Probe  
  17  0:54  Assimilator  
  18  1:03  Probe  
  19  1:07  Gateway  
  19  1:15  Probe  
  20  1:24  Cybernetics Core  
  20  1:27  Probe  
  20  1:32  Pylon  
  21  1:39  Probe  
  22  1:51  Probe  
  23  1:55  Warp Gate (Chrono Boost)  
  23  2:00  Stalker x2  
  27  2:22  Pylon  
  27  2:30  Stalker x2  
  27  2:36  Pylon  
  31  2:42  Pylon  
  31  2:46  Gateway  
  31  2:58  Gateway  
  31  3:00  Stalker  
  33  3:21  Pylon  
  33  3:28  Stalker  
  35  3:39  Stalker  
  35  3:40  Stalker  
  39  3:51  Stalker  
  39  3:52  Stalker  
  39  4:12  Stalker  
  39  4:13  Stalker  
  39  4:27  Stalker  
  39  4:28  Stalker  
  37  4:51  Stalker x3  
  39  5:01  Stalker  
  35  5:27  Stalker x2  
  35  5:28  Stalker x2  
  35  5:53  Stalker x3  
  33  6:11  Stalker  
Show
View Real Time Build Order
Export as new Build Order

jumanjii Protoss 

Build Orders: Phoenix Opening 

Get SALT Encoding   

  12  0:00  Probe  
  13  0:13  Probe  
  14  0:16  Pylon  
  14  0:25  Probe (Chrono Boost)  
  16  0:37  Probe (Chrono Boost), Gateway  
  16  0:42  Probe (Chrono Boost)  
  16  0:45  Assimilator  
  17  0:51  Probe  
  17  0:53  Assimilator  
  18  1:03  Probe (Chrono Boost)  
  19  1:07  Gateway  
  19  1:13  Probe (Chrono Boost)  
  19  1:18  Probe (Chrono Boost)  
  20  1:25  Cybernetics Core  
  21  1:29  Probe  
  22  1:34  Pylon  
  22  1:42  Probe  
  23  1:54  Probe  
  24  2:01  Stalker, Warp Gate, Sentry  
  28  2:09  Probe  
  29  2:16  Pylon  
  29  2:21  Pylon  
  29  2:27  Stalker  
  31  2:33  Stalker  
  23  2:37  Phoenix  
  33  2:52  Nexus  
  33  2:58  Shield Battery  
  33  3:04  Sentry x2  
  37  3:14  Robotics Facility  
  37  3:19  Pylon  
  37  3:31  Shield Battery  
  37  3:34  Shield Battery  
  37  3:49  Stalker x2  
  41  4:04  Immortal (Chrono Boost)  
  41  4:14  Stalker  
  41  4:20  Stalker  
  41  4:33  Immortal (Chrono Boost)  
  40  4:51  Stalker  
  34  4:55  Stalker  
  30  5:16  Sentry  
  32  5:22  Immortal (Chrono Boost)  
  34  5:34  Stalker  
  24  5:52  Stalker  
  25  6:07  Stalker  
Tags
 
Add a new tag
Caveats
  • Supply blocks, unpowered buildings, or Contaminate may cause inaccurate times.
  • Supply counts are checked every 10 seconds.